 Dungeon Sprint DCSS version 0.26-a0-259-g1effd001a9 (webtiles) character file.

Game seed: 5572714030388088339

54 Apogee the Chopper (level 3, -3/37 HPs)
             Began as a Hill Orc Fighter on July 17, 2020.
             Killed by nerve-wracking pain
             ... invoked by Menkaure
              (13 damage)
             ... in the Dungeon (Sprint II: "The Violet Keep of Menkaure").
             The game lasted 00:00:40 (437 turns).

Apogee the Chopper (Hill Orc Fighter)                Turns: 437, Time: 00:00:41

Health: -3/37      AC:  7    Str: 19    XL:     3   Next: 91%
Magic:  3/3        EV:  9    Int:  8    God:
Gold:   243        SH:  0    Dex: 10    Spells: 2/2 levels left

rFire    . . .     SeeInvis .   a - +0 war axe
rCold    . . .     Faith    .   (no shield)
rNeg     . . .     Spirit   .   b - +0 scale mail
rPois    .         Reflect  .   (no helmet)
rElec    .         Harm     .   (no cloak)
rCorr    .         NoTele   +   (no gloves)
MR       .....                  (no boots)
Stlth    ..........             (no amulet)
HPRegen  0.12/turn              (no ring)
MPRegen  0.08/turn              (no ring)

@: no status effects
A: no striking features
a: no special abilities


You were in the Dungeon.
You were not hungry.

You visited 1 branch You collected 243 gold pieces.

Inventory:

Hand Weapons
 a - a +0 war axe (weapon)
Armour
 b - a +0 scale mail (worn)
 c - a +0 kite shield
Scrolls
 k - a scroll of blinking
Potions
 d - a potion of might
 e - a potion of curing
 g - a potion of heal wounds
 h - a potion of haste
 i - 2 potions of magic
 j - a potion of berserk rage
Comestibles
 f - 2 rations


   Skills:
 + Level 6.2 Fighting
 * Level 7.2 Axes
 - Level 3.9 Armour
 - Level 3.9 Shields


You had 2 spell levels left.
You didn't know any spells.
Your spell library was empty.

Dungeon Overview and Level Annotations

Branches:
Dungeon (1/1)

Altars:

Annotations:
D Menkaure


Message History

Done waiting.
You open the door.
There is an open door, spattered with blood here.
Really walk into a travel-excluded area?
Menkaure, Prince of Dust comes into view.
Menkaure gestures at you while chanting.
Pain shoots through your body!
You open the door.
Menkaure points at you and mumbles some strange words.
Pain shoots through your body!
A neqoxec comes into view.
There is an open door here.
You barely miss the neqoxec. The neqoxec hits you.
* * * LOW HITPOINT WARNING * * *
You hit the neqoxec.
The neqoxec is lightly wounded.
You hit Menkaure but do no damage. The neqoxec barely misses you.
Menkaure gestures at you while chanting.
Pain shoots through your body!
You die...

####+ ##≈≈§≈§§§
##≈§§§§§§
+§§§§§§§§
§≈≈§;; ≈;;;
#≈≈#+++#+++##
≈≈≈...M.....#
≈≈≈.##@##..# ≈
##3##.####
#.#....#
####..##
#+###.##..#
##.##.###..#
+.<.†##.'.§#
##.##...#..§.#
#+###.##§§....≈


You could see a neqoxec, Menkaure and 5 electric eels.

Vanquished Creatures
  A crocodile (D)
  3 worms (D)
4 creatures vanquished.

Notes
Turn   | Place    | Note
-------+----------+-------------------------------------------
     0 | D        | Apogee the Hill Orc Fighter began the quest for the Orb.
     0 | D        | Reached XP level 1. HP: 19/19 MP: 1/1
    13 | D        | Reached skill level 3 in Axes
    17 | D        | Reached XP level 2. HP: 28/28 MP: 2/2
    31 | D        | Noticed a crocodile
    43 | D        | Killed a crocodile
    43 | D        | Reached skill level 7 in Axes
    43 | D        | Reached XP level 3. HP: 17/37 MP: 3/3
   432 | D        | Noticed Menkaure
   435 | D        | Noticed a neqoxec
   437 | D        | Killed from afar by Menkaure

Illustrated notes

Levels and vault maps discovered:
D:        the_violet_keep_of_menkaure [sprint2_stairs_cluster_1,
          sprint2_shoproom, sprint2_temple, sprint2_basic_supplies,
          sprint2_obstacle_5, sprint2_obstacle_6, sprint2_obstacle_7,
          sprint2_obstacle_1, sprint2_obstacle_2, sprint2_timed_cluster_1,
          sprint2_smallroom_cluster_1, sprint2_smallroom_final_cluster_1,
          sprint2_transparent_cluster_1, sprint2_second_timed_cluster_1,
          sprint2_sniper_area_1, sprint2_heavy_combat_area_1,
          sprint2_mutation_trap_area_1, sprint2_forest_area_1,
          sprint2_light_combat_area_1, sprint2_behind_water_1,
          sprint2_near_end_vault_1]

Skill      XL: |  1  2 |
---------------+-------+-----
Fighting       | 4 6 |  6.2
Axes           | 3 7 |  7.2
Armour         | |  3.9
Shields        | |  3.9

Action                   || total
-------------------------++-------
Melee: War axe           ||    21
Dodge: Dodged            ||    12

Table legend:
 A = Non-vault XP
 B = Vault XP
 C = Vault XP percentage of total XP
 D = Non-vault monster count
 E = Vault monster count
 F = Vault count percentage of total count
                 A         B        C        D         E       F
            +---------+---------+-------+---------+---------+-------
      Total |       0 |      78 | 100.0 |       0 |       4 | 100.0
            +---------+---------+-------+---------+---------+-------
          D |       0 |      78 | 100.0 |       0 |       4 | 100.0
            +---------+---------+-------+---------+---------+-------
